 Dungeon Crawl Stone Soup version 0.25-a0-561-g0977b4d109 (webtiles) character file.

Game seed: 17491147060050575630, levelgen mode: deterministic

5775 Flugslaktarn the Cleaver (level 10, -9/94 HPs)
             Began as a Minotaur Fighter on Feb 25, 2020.
             Was an Initiate of Gozag.
             Mangled by a wyvern (12 damage)
             ... on level 10 of the Dungeon.
             The game lasted 00:03:27 (5607 turns).

Flugslaktarn the Cleaver (Minotaur Fighter)         Turns: 5607, Time: 00:03:28

Health: -9/94      AC: 17    Str: 23    XL:     10   Next: 50%
Magic:  9/9        EV:  7    Int:  5    God:    Gozag
Gold:   540        SH:  0    Dex: 11    Spells: 9/9 levels left

rFire    + . .     SeeInvis .   x - +1 battleaxe (freeze) (curse)
rCold    + . .     Gourm    .   (shield currently unavailable)
rNeg     . . .     Faith    .   s - +0 plate armour
rPois    +         Spirit   .   (helmet restricted)
rElec    +         Reflect  .   (no cloak)
rCorr    +         Harm     .   v - +2 pair of gloves
MR       +....                  (no boots)
Stlth    ..........             (no amulet)
HPRegen  0.25/turn              m - ring of protection from magic
MPRegen  0.11/turn              (no ring)

@: resistant, gold aura, hasted, very quick
A: retaliatory headbutt, horns 2
a: Potion Petition, Call Merchant, Bribe Branch, Renounce Religion


You were on level 10 of the Dungeon.
You worshipped Gozag.
Gozag was pleased with you.
You were not hungry.

You visited 2 branches of the dungeon, and saw 10 of its levels.

You collected 625 gold pieces.
You paid 85 gold pieces to Gozag.

Inventory:

Hand Weapons
 a - a +0 war axe
 x - a cursed +1 battleaxe of freezing (weapon)
   (You took it off a wight on level 7 of the Dungeon)
Armour
 c - a +0 kite shield
 s - a +0 plate armour (worn)
   (You found it on level 5 of the Dungeon)
 v - a +2 pair of gloves (worn)
   (You found it on level 5 of the Dungeon)
Jewellery
 f - an uncursed ring of stealth
   (You found it on level 7 of the Dungeon)
 m - a ring of protection from magic (left hand)
   (You found it on level 1 of the Dungeon)
Wands
 k - a wand of acid (7)
   (You found it on level 5 of the Dungeon)
 o - a wand of iceblast (12)
   (You found it on level 5 of the Dungeon)
 A - a wand of clouds (3)
   (You took it off a crimson imp on level 8 of the Dungeon)
Scrolls
 b - a scroll of magic mapping
 g - a scroll of noise {unknown}
 h - 3 scrolls of remove curse
 j - a scroll of enchant weapon {unknown}
 r - 2 scrolls of identify
 t - 8 scrolls of teleportation
 y - a scroll of amnesia {unknown}
Potions
 d - 2 potions of might
 i - 4 potions of flight
 l - 2 potions of cancellation {unknown}
 p - 3 potions of curing {unknown}
 q - 2 potions of brilliance {unknown}
 u - 2 potions of mutation {unknown}
 z - a potion of ambrosia {unknown}
Comestibles
 e - 5 rations


   Skills:
 * Level 10.8 Fighting
 * Level 11.8 Axes
 + Level 9.1 Armour
 - Level 7.5 Shields


You had 9 spell levels left.
You didn't know any spells.
Your spell library was empty.

Dungeon Overview and Level Annotations

Branches:
Dungeon (8/15)             Temple (1/1) D:6            Lair (0/6) D:10

Altars:
Ashenzari
Cheibriados
Dithmenos
Elyvilon
Fedhas
Gozag
Kikubaaqudgha
Nemelex Xobeh
Okawaru
Qazlal
Ru
Sif Muna
Trog
Uskayaw
Vehumet
Xom
Yredelemnul
Zin
The Shining One


Innate Abilities, Weirdness & Mutations

You reflexively headbutt those who attack you in melee.
You have a pair of horns on your head.


Message History

The bolt of fire misses you.
You hit the fire giant. You freeze the fire giant.
You headbutt the fire giant, but do no damage.
The fire giant is heavily wounded.
You slice the fire giant!! You freeze the fire giant.
The fire giant is almost dead.
The fire giant hits you with the +7 great mace "Firestarter" {inner flame, rF++}!
* * * LOW HITPOINT WARNING * * *
The fire giant burns you.
* * * LOW HITPOINT WARNING * * *
You slash the fire giant! You freeze the fire giant.
Your headbutt misses the fire giant.
The fire giant is almost dead.
You slash the fire giant! You freeze the fire giant.
You kill the fire giant!
Your Armour skill increases to level 9!
The fire bat becomes distracted by the nearby gold, dreaming of imaginary riches.
The wyvern bites you!
You die...
Your body crumbles into a pile of gold.

..⌠...:):..!⌠..
#.....#[#.....#
#.............#
#...........#
#.........# ###...b...#
#.##.b.Y.# #..###l###
#..# #@#
###########..###.#
.............##..#####
.......................
..###########..########
..# #..# ..# #..#
..####### #..#
......... ...#


You could see a wyvern, an ice beast and 2 fire bats.

Vanquished Creatures
  A fire giant (D:10)
  An ugly thing (D:10)
  2 hippogriffs
  Sigmund (D:2)
  2 fire bats (D:10)
  A wyvern (D:8)
  Menkaure (D:4)
  Edmund (D:5)
  A water moccasin (D:7)
  Duvessa (D:4)
  3 ice beasts
  A black bear (D:8)
  An orc warrior (D:7)
  3 sky beasts
  A phantom (D:5)
  3 ogres
  A necrophage (D:6)
  A centaur (D:4)
  3 bullfrogs (D:7)
  2 scorpions
  Dowan (D:4)
  4 wights (D:7)
  A howler monkey (D:8)
  3 crimson imps (D:8)
  An orc priest (D:6)
  6 hounds
  2 centaur skeletons
  Natasha (D:4)
  5 iguanas
  2 orc wizards
  3 worker ants
  A hound zombie (D:8)
  A hound skeleton (D:4)
  4 adders
  An ooze (D:4)
  An adder zombie (D:8)
  An adder skeleton (D:6)
  2 worms
  6 leopard geckos
  19 orcs
  2 giant cockroaches
  4 jackals (D:6)
  A kobold (D:1)
  A quokka (D:7)
  2 bats
  A goblin (D:2)
  A rat (D:1)
108 creatures vanquished.

Notes
Turn   | Place    | Note
-------+----------+-------------------------------------------
     0 | D:1      | Flugslaktarn the Minotaur Fighter began the quest for the
                  | Orb.
     0 | D:1      | Reached XP level 1. HP: 19/19 MP: 0/0
   127 | D:2      | Noticed Sigmund
   138 | D:2      | Killed Sigmund
   138 | D:2      | Reached skill level 4 in Axes
   138 | D:2      | Reached XP level 2. HP: 16/28 MP: 1/1
   138 | D:2      | Reached XP level 3. HP: 19/34 MP: 2/2
   138 | D:2      | Reached XP level 4. HP: 24/41 MP: 3/3
   138 | D:2      | Reached XP level 5. HP: 27/47 MP: 4/4
   527 | D:4      | Noticed Dowan
   528 | D:4      | Noticed Duvessa
   538 | D:4      | Killed Dowan
   539 | D:4      | HP: 2/47 [Duvessa/+5 short sword (7)]
   542 | D:4      | Killed Duvessa
   542 | D:4      | Reached skill level 5 in Fighting
   542 | D:4      | Reached skill level 5 in Axes
   542 | D:4      | Reached skill level 5 in Armour
   542 | D:4      | Reached XP level 6. HP: 3/56 MP: 5/5
   834 | D:4      | Found an ancient bone altar of Kikubaaqudgha.
   918 | D:4      | Reached skill level 5 in Shields
   931 | D:4      | Noticed Menkaure
   939 | D:4      | Killed Menkaure
  1108 | D:4      | Reached skill level 6 in Axes
  1108 | D:4      | Reached XP level 7. HP: 52/61 MP: 6/6
  1331 | D:4      | Noticed Natasha
  1347 | D:4      | Killed Natasha
  1702 | D:5      | Entered Level 5 of the Dungeon
  1858 | D:5      | Reached skill level 7 in Axes
  1944 | D:5      | Noticed Edmund
  1954 | D:5      | Killed Edmund
  1955 | D:5      | Reached XP level 8. HP: 60/70 MP: 7/7
  2259 | D:6      | Reached skill level 8 in Axes
  2772 | D:6      | Found a staircase to the Ecumenical Temple.
  2781 | Temple   | Entered the Ecumenical Temple
  2919 | D:6      | Found a shattered altar of Ashenzari.
  2921 | D:6      | Found a basalt altar of Yredelemnul.
  2925 | D:6      | Found an opulent altar of Gozag.
  2925 | D:6      | Found a radiant altar of Vehumet.
  2925 | D:6      | Found a snail-covered altar of Cheibriados.
  2926 | D:6      | Found a stormy altar of Qazlal.
  2926 | D:6      | Noticed a hippogriff
  2942 | D:6      | Found a sparkling altar of Nemelex Xobeh.
  2943 | D:6      | Killed a hippogriff
  2944 | D:6      | Found an iron altar of Okawaru.
  2947 | D:6      | Became a worshipper of Gozag Ym Sagoz the Greedy
  3245 | D:6      | Found a shadowy altar of Dithmenos.
  3416 | D:7      | Reached skill level 9 in Axes
  3770 | D:7      | Reached XP level 9. HP: 60/79 MP: 8/8
  4319 | D:7      | Reached skill level 10 in Axes
  5290 | D:8      | You fall into a shaft and drop 2 floors!
  5290 | D:10     | Entered Level 10 of the Dungeon
  5310 | D:10     | Noticed a purple ugly thing
  5322 | D:10     | Killed a purple ugly thing
  5322 | D:10     | Reached skill level 11 in Axes
  5322 | D:10     | Reached XP level 10. HP: 58/93 MP: 9/9
  5498 | D:10     | Found a staircase to the Lair.
  5586 | D:10     | Noticed a fire giant
  5594 | D:10     | Reached skill level 10 in Fighting
  5605 | D:10     | HP: 4/93 [fire giant/the +7 great mace "Firestarter" {inner
                  | flame, rF++} (16)]
  5607 | D:10     | Killed a fire giant
  5607 | D:10     | Mangled by a wyvern

Levels and vault maps discovered:
D:1:      minmay_arrival_glassed_features, layout_basic, nemelex_altar_shiori
D:2:      layout_loops_ring, marbit_many_paths, gammafunk_temple_overflow_wave,
          minmay_misc_feat_cross, minmay_quadrilaterals, uniq_terence,
          uniq_sigmund
D:3:      layout_basic, glass_columns_a, minmay_box_of_dots, uniq_grinder
D:4:      layout_basic, overflow_temple_1_default, first_ration, uniq_natasha,
          uniq_menkaure, uniq_duvessa
D:5:      layout_rooms, kennysheep_generic_room_2, uniq_edmund
D:6:      layout_rooms, lemuel_doored_altar, minitemple,
          minmay_temple_entry_hall
D:7:      layout_cave_pools
D:8:      layout_loops_cross
D:10:     minmay_firetagon, layout_long_grid, lair_entry_dummy, serial_shops,
          shop
Temple:   nicolae_temple_figure_zero

Skill      XL: |  1  2  3  4  5  6  7  8  9 10 |
---------------+-------------------------------+-----
Fighting       | 4 5 6 7 9 10 | 10.8
Axes           | 4 5 6 7 9 11 | 11.8
Armour         | 4 5 6 7 8 9 |  9.1
Shields        | 4 5 6 7 |  7.5

Action                   |  1- 3 |  4- 6 |  7- 9 | 10-12 || total
-------------------------+-------+-------+-------+-------++-------
Melee: War axe           |    18 |    40 |   210 |       ||   268
       Headbutt          |     3 |     5 |    48 |     3 ||    59
       Battleaxe         |       |       |    78 |    20 ||    98
Invok: Potion Petition   |       |       |       |     1 ||     1
Evoke: Wand              |       |       |       |     1 ||     1
  Use: Scroll            |       |       |     5 |       ||     5
       Potion            |       |       |       |     4 ||     4
  Eat: Chunk             |       |       |     5 |       ||     5
       Ration            |       |       |     3 |       ||     3
Armor: Scale mail        |     9 |     8 |     5 |       ||    22
       Plate armour      |       |       |   165 |    12 ||   177
       Chain mail        |       |       |     9 |       ||     9
Dodge: Dodged            |     4 |    12 |    84 |     3 ||   103
Block: Kite shield       |    11 |    34 |   125 |       ||   170

Table legend:
 A = Non-vault XP
 B = Vault XP
 C = Vault XP percentage of total XP
 D = Non-vault monster count
 E = Vault monster count
 F = Vault count percentage of total count
                 A         B        C        D         E       F
            +---------+---------+-------+---------+---------+-------
      Total |    5008 |    3242 |  39.3 |      97 |      11 |  10.2
            +---------+---------+-------+---------+---------+-------
        D:1 |       4 |       0 |   0.0 |       3 |       0 |   0.0
        D:2 |       3 |     223 |  98.7 |       2 |       1 |  33.3
        D:3 |       1 |       0 |   0.0 |       1 |       0 |   0.0
        D:4 |     231 |     436 |  65.4 |       9 |       4 |  30.8
        D:5 |     430 |     187 |  30.3 |      13 |       3 |  18.8
        D:6 |     982 |       0 |   0.0 |      25 |       0 |   0.0
        D:7 |    1548 |       0 |   0.0 |      22 |       0 |   0.0
        D:8 |    1177 |       0 |   0.0 |      19 |       0 |   0.0
       D:10 |     632 |    2396 |  79.1 |       3 |       3 |  50.0
            +---------+---------+-------+---------+---------+-------
